 Dungeon Crawl Stone Soup version 0.21-a0-349-g0c35859 (webtiles) character file.

29 vishdafish the Skirmisher (level 3, -3/29 HPs)
             Began as a Demonspawn Fighter on Oct 7, 2017.
             Slain by a kobold
             ... wielding a +0 whip of electrocution
              (9 damage)
             ... on level 2 of the Dungeon.
             The game lasted 00:01:12 (916 turns).

vishdafish the Skirmisher (Demonspawn Fighter)       Turns: 916, Time: 00:01:13

Health: -3/29      AC:  8    Str: 16    XL:     3   Next: 1%
Magic:  3/3        EV:  8    Int: 10    God:
Gold:   47         SH:  8    Dex: 12    Spells: 2/2 levels left

rFire    . . .     SeeInvis .   a - +0 war axe
rCold    . . .     Gourm    .   c - +0 shield
rNeg     + . .     Faith    .   l - +3 ring mail
rPois    .         Spirit   .   (no helmet)
rElec    .         Reflect  .   (no cloak)
rCorr    .         Harm     .   (no gloves)
MR       .....                  (no boots)
Stlth    ..........             (no amulet)
HPRegen  0.09/turn              m - ring of positive energy
MPRegen  0.08/turn              (no ring)

@: no status effects
A: hooves 1, rot immunity
a: no special abilities


You were on level 2 of the Dungeon.
You were not hungry.

You visited 1 branch of the dungeon, and saw 2 of its levels.

You collected 47 gold pieces.

Inventory:

Hand Weapons
 a - a +0 war axe (weapon)
Armour
 b - a +0 scale mail
 c - a +0 shield (worn)
 l - a +3 ring mail (worn)
Jewellery
 m - a ring of positive energy (left hand)
Scrolls
 k - a scroll of identify {unknown}
 n - 3 scrolls of amnesia {unknown}
 p - a scroll of teleportation {unknown}
 q - a scroll of enchant weapon {unknown}
 r - 2 scrolls of fear {unknown}
 t - a scroll of remove curse {unknown}
Potions
 d - a potion of might
 e - a potion of brilliance {unknown}
 h - 3 potions of curing {unknown}
 i - a potion of heal wounds {unknown}
 j - 2 potions of degeneration {unknown}
 o - a potion of cancellation {unknown}
 s - a potion of ambrosia {unknown}
 u - a potion of agility {unknown}
Comestibles
 f - 2 bread rations
 g - 2 meat rations


   Skills:
 + Level 3.2 Fighting
 * Level 2.2 Axes
 + Level 3.0 Armour
 + Level 0.5 Dodging
 + Level 2.8 Shields


You had 2 spell levels left.
You didn't know any spells.

Dungeon Overview and Level Annotations

Branches:
Dungeon (2/15)

Altars:


Innate Abilities, Weirdness & Mutations

You have large cloven feet.
You are immune to rotting.


Message History

A dart slug comes into view.
The kobold hits you but does no damage.
You are electrocuted!
Ouch! That really hurt!
You are too injured to fight recklessly!
You are too injured to fight recklessly!
You are too injured to fight recklessly!
You are too injured to fight recklessly!
You are too injured to fight recklessly!
You are too injured to fight recklessly!
You are too injured to fight recklessly!
You are too injured to fight recklessly!
You are too injured to fight recklessly!
There are monsters nearby!
You barely miss the kobold. The kobold barely misses you.
The kobold hits you with a whip of electrocution.
Your shield and ring mail prevent you from hitting the kobold.
The kobold hits you with a whip of electrocution.
* * * LOW HITPOINT WARNING * * *
You are electrocuted!
You die...

#...##.##.#.##.###.#.
#...##.##....#..##.†##
#...##..#....#..###..###.#
#...###...................
##### ###.###....###.####.
#.# #..... #.# #.#
#..#..##.##### #.#
#..#..##.#.... #@#
#.)#.......##. #K#
#.....#.##.... ...
......#.....## .#.##
#..#..##...# w.... ##
##......## .. ...
###.†<..# #.. ... #.#.>.#
.. ..... ...##..# .....
...


You could see a dart slug and a kobold.

Vanquished Creatures
  A dart slug (D:1)
  A leopard gecko (D:1)
  A giant cockroach (D:1)
  2 goblins (D:1)
  4 hobgoblins (D:1)
  7 bats
  4 frilled lizards
  2 kobolds (D:1)
  5 rats
27 creatures vanquished.

Notes
Turn   | Place    | Note
-------+----------+-------------------------------------------
     0 | D:1      | vishdafish the Demonspawn Fighter began the quest for the Orb.
     0 | D:1      | Reached XP level 1. HP: 18/18 MP: 1/1
   152 | D:1      | Gained mutation: You have large cloven feet. [demonic ancestry]
   152 | D:1      | Reached XP level 2. HP: 24/24 MP: 2/2
   872 | D:2      | Gained mutation: You are immune to rotting. [demonic ancestry]
   872 | D:2      | Reached XP level 3. HP: 27/29 MP: 3/3
   916 | D:2      | Slain by a kobold

Vault maps used:
D:1:      lightli_arrival_boilingwater, minmay_parallelograms,
          serial_bayou_pond_a, grunt_decor_fettered, minmay_close_crescents
D:2:      minmay_octomino_j4

Skill      XL: |  1  2 |
---------------+-------+-----
Axes           | 2 |  2.2
Armour         | 3 |  3.0
Fighting       | |  3.2
Dodging        | |  0.5
Shields        | |  2.8

Action                   || total
-------------------------++-------
Melee: War axe           ||    57
       Kick              ||     6
Armor: Scale mail        ||    11
       Ring mail         ||    24
Dodge: Dodged            ||    21
Block: Shield            ||    34

Table legend:
 A = Spawn XP
 B = Non-spawn XP
 C = Spawn XP percentage of total XP
 D = Spawn monster count
 E = Non-spawn monster count
 F = Spawn count percentage of total count
 G = Total turns spent on level
                    A         B        C        D         E        F      G
               +---------+---------+-------+---------+---------+-------+---------
         Total |       0 |      42 |   0.0 |       0 |      27 |   0.0 |   916
               +---------+---------+-------+---------+---------+-------+---------
           D:1 |       0 |      35 |   0.0 |       0 |      22 |   0.0 |   843
           D:2 |       0 |       7 |   0.0 |       0 |       5 |   0.0 |    73
               +---------+---------+-------+---------+---------+-------+---------
